 Dungeon Crawl Stone Soup version 0.30-a0-800-g7c544603b3 (webtiles) character file.

Game seed: 11258062977315457995

93 Wobber the Magician (level 4, -19/33 HPs)
             Began as a Djinni Conjurer on Feb 21, 2023.
             Killed from afar by Ijyb (24 damage)
             ... with a bolt of light
             ... on level 3 of the Dungeon.
             The game lasted 00:08:15 (1203 turns).

Wobber the Magician (Djinni Conjurer)               Turns: 1203, Time: 00:08:15

Health: -19/33     AC:  2    Str:  6    XL:     4   Next: 92%
Gold:   46         EV: 12    Int: 21    God:
                   SH:  0    Dex: 12

rFire   + + .      SeeInvis .    b - +0 short sword
rCold   x . .      Faith    .    (no shield)
rNeg    . . .      Spirit   .    w - +0 robe
rPois   ∞          Reflect  .    (no helmet)
rElec   .          Harm     .    (no cloak)
rCorr   .          Rampage  .    (no gloves)
Will    .....                    (boots unavailable)
Stlth   +                        (no amulet)
HPRegen 0.25/turn                (no ring)
MPRegen 0.00/turn                (no ring)

@: confused, flying
A: sickness immunity, fire resistance 2, cold vulnerability 1, float, innate
caster, HP casting, extra vitality 1
a: no special abilities


You were on level 3 of the Dungeon.
You visited 1 branch of the dungeon, and saw 3 of its levels.

You collected 46 gold pieces.

Inventory:

Hand Weapons
 a - a +0 sling
 b - a +0 short sword (weapon)
 i - a +1 whip of holy wrath
Missiles
 c - 13 stones
 h - a throwing net
Armour
 w - a +0 robe (worn)
Scrolls
 d - a scroll of blinking {unknown}
 e - a scroll of teleportation {unknown}
 j - a scroll of silence {unknown}
Potions
 f - 2 potions of brilliance
 g - a potion of degeneration
 k - 2 potions of lignification


   Skills:
 + Level 1.9 Fighting
 - Level 2.7 Dodging
 - Level 1.6 Stealth
 * Level 4.1 Spellcasting


You knew the following spells:

 Your Spells              Type           Power      Damage    Failure   Level
a - Magic Dart            Conj           84%        1d7       2%          1
b - Searing Ray           Conj           42%        2d6       3%          2
c - Dazzling Flash        Conj/Hex       42%        N/A       6%          3
d - Fulminant Prism       Conj/Hex       10%        3d8       22%         4
e - Iskenderun's Mystic   Conj/Tloc      21%        2d6       22%         4
f - Necrotise             Necr           84%        1d8       2%          1
Your spell library was empty.

Dungeon Overview and Level Annotations

Branches:
Dungeon (3/15)

Altars:

Annotations:
D:3 Ijyb


Innate Abilities, Weirdness & Mutations

You are immune to sickness and miasma.
You are immune to poison.
Your flesh is very heat resistant. (rF++)
You are vulnerable to cold. (rC-)
You float through the air rather than walking.
You learn spells naturally, not from books.
Your magical power is your life essence.
You have superior vitality. (+4 MHP)


Message History

Ijyb is lightly wounded.
Ijyb closely misses you.
The searing ray hits Ijyb.
Ijyb is moderately wounded.
You finish channelling your searing ray.
Ijyb hits you with a +0 dagger.
Casting: Searing Ray (safe; 3% risk of failure)
Confirm with . or Enter, or press ? or * to list all spells.
Aiming: Searing Ray (safe; 3% risk of failure)
Press: ? - help, Shift-Dir - straight line, f/p - Ijyb
Aim: Ijyb, wielding a +0 dagger, wearing a +0 scale mail and carrying a wand of light (12) (moderately wounded, 75% to hit)
The searing ray hits Ijyb!
Ijyb is heavily wounded. (Press . to maintain the ray.) Ijyb zaps a wand.
The bolt of light misses you.
The searing ray hits Ijyb but does no damage.
Ijyb is heavily wounded.
Ijyb barely misses you.
The searing ray hits Ijyb but does no damage.
Ijyb is heavily wounded.
Ijyb hits you with a +0 dagger.
The searing ray hits Ijyb.
Ijyb is heavily wounded.
You finish channelling your searing ray.
A frilled lizard comes into view.
Ijyb hits you with a +0 dagger.
* * * LOW HITPOINT WARNING * * *
Okay, then.
Unknown command.
Casting: Searing Ray (safe; 3% risk of failure)
Confirm with . or Enter, or press ? or * to list all spells.
Casting: Dazzling Flash (dangerous; 6% risk of failure)
Press: ? - help, Dir - look around, f - activate Ijyb is dazzled.
The frilled lizard hisses angrily.
* * * LOW HITPOINT WARNING * * *
Ijyb zaps a wand.
The bolt of light hits you!!
You are confused.
Ouch! That really hurt!
You die...

#.......#
###...###
##.## # #.# #l
#.#
#.###.######.#
#............#
######.######
#@# #g# #.#
#.# #.# #?#
..# ###


You could see Ijyb (blind) and a frilled lizard.

Vanquished Creatures
  4 gnolls (D:2)
  An adder (D:2)
  A worm (D:2)
  A dart slug (D:2)
  6 bats
  2 endoplasms
  A giant cockroach (D:2)
  4 goblins
  5 jackals
  2 kobolds (D:1)
  3 quokkas
  2 ball pythons (D:1)
  3 frilled lizards
  6 rats
41 creatures vanquished.

Notes
Turn   | Place    | Note
-------+----------+-------------------------------------------
     0 | D:1      | Wobber the Djinni Conjurer began the quest for the Orb.
     0 | D:1      | Wobber set off with the following spells memorised: Magic
                  | Dart, Searing Ray, Dazzling Flash, Fulminant Prism,
                  | Iskenderun's Mystic Blast.
     0 | D:1      | Reached XP level 1. HP: 15/15 MP: 0/0
   181 | D:1      | Reached XP level 2. HP: 21/22 MP: 0/0
   515 | D:1      | Reached XP level 3. HP: 25/26 MP: 0/0
   515 | D:1      | Learned a level 1 spell: Necrotise
   610 | D:2      | Reached skill level 1 in Fighting
   708 | D:2      | Reached XP level 4. HP: 29/32 MP: 0/0
   711 | D:2      | Reached skill level 4 in Spellcasting
   798 | D:2      | Found a faded altar of an unknown god.
  1191 | D:3      | Noticed Ijyb
  1203 | D:3      | Killed from afar by Ijyb

Illustrated notes

Levels and vault maps discovered:
D:1:      saegor_arrival_simple_d, layout_basic
D:2:      layout_rooms, hellmonk_ecumenical_altar_slurped_away
D:3:      layout_loops_ring, chequers_serial_rivers_large_b, uniq_natasha,
          uniq_ijyb

Skill      XL: |  1  2  3  4 |
---------------+-------------+-----
Fighting       | 1 |  1.9
Spellcasting   | 4 |  4.1
Dodging        | |  2.7
Stealth        | |  1.6

Action                     |  1- 3 |  4- 6 || total
---------------------------+-------+-------++-------
  Melee: Short sword       |     3 |     1 ||     4
   Cast: Magic Dart        |    56 |    19 ||    75
         Searing Ray       |     1 |     4 ||     5
         Necrotise         |       |     4 ||     4
         Dazzling Flash    |       |     1 ||     1
    Use: Scroll            |       |     3 ||     3
 Armour: Robe              |     2 |     2 ||     4
  Dodge: Dodged            |     5 |     5 ||    10

Table legend: (Time is in decaauts)
 A = Elapsed time spent in this place.
 B = Non-inter-level travel time spent in this place.
 C = Inter-level travel time spent in this place.
 D = Time resting spent in this place.
 E = Time spent auto-exploring this place.
 F = Levels seen in this place.
 G = Mean time per level.
                   A        B        C        D        E       F      G
               +--------+--------+--------+--------+--------+-----+--------+
         Total |   1199 |   1149 |     50 |     40 |    838 |   3 |  399.7 |
       Dungeon |   1199 |   1149 |     50 |     40 |    838 |   3 |  399.7 |
               +--------+--------+--------+--------+--------+-----+--------+

Top non-repeatable levels by time:
     D:1: 604 daAuts
     D:2: 530 daAuts
     D:3: 64 daAuts
